[Event "*** Titled Tuesday Blitz"]
[Site "Chess.com"]
[Date "2020.04.28"]
[Round "2"]
[White "Ave_Mariia"]
[Black "INLOVEWITHF"]
[Result "0-1"]
[WhiteElo "2285"]
[BlackElo "2529"]
[TimeControl "180+1"]
[EndTime "10:17:09 PDT"]
[Termination "INLOVEWITHF won by resignation"]

1. d4 Nf6 2. c4 g6 3. Nc3 Bg7 4. e4 d6 5. Be2 O-O 6. Be3 Nc6 7. g4 e5 8. d5 Nd4 9. g5 Nd7 10. Nf3 f5 11. Nxd4 exd4 12. Bxd4 Qxg5 13. Bxg7 Kxg7 14.
exf5 Ne5 15. Ne4 Qxf5 16. Qd4 Qf4 17. Qe3 Bg4 18. Bxg4 Nxg4 19. Qxf4 Rxf4 20. Ng5 Rxc4 21. Ne6+ Kf6 22. Ke2 Rc2+ 23. Kd3 Rxb2 24. Rhc1 c5 25.
dxc6 Kxe6 26. Re1+ Kd5 27. c7 Ne5+ 28. Kc3 Rb6 29.
Rad1+ Ke6 30. f4 Rc6+ 31. Kd4 Rxc7 32. fxe5 dxe5+ 33. Rxe5+ Kf6 34. Rf1+ Kg7 35. Rfe1 Rd8+ 36. Ke4 Rc4+ 37. Kf3 Rc3+ 38. Kg2 Rf8 39. Re7+ Rf7 40. Re8 Rc2+ 41. Kg3 Rxa2 42. Rb8 Ra3+ 43. Kg4 h5+ 44. Kh4 Rf4+ 0-1

[Event "*** Titled Tuesday Blitz"]
[Site "Chess.com"]
[Date "2020.04.28"]
[Round "2"]
[White "BillCoe"]
[Black "WeAintSurePal"]
[Result "0-1"]
[WhiteElo "2063"]
[BlackElo "2385"]
[TimeControl "180+1"]
[EndTime "10:17:09 PDT"]
[Termination "WeAintSurePal won by resignation"]

1. e4 c5 2. Nf3 e6 3. d4 cxd4 4. Nxd4 a6 5. Bd3 Qc7 6. c4 Nf6 7. Nc3 Nc6 8. Nxc6 dxc6 9. O-O h5 10. Qe2 Ng4 11. f4 Bc5+ 12. Kh1 Qe7 13. Qe1 Bf2 14.
Rxf2 Qh4 15. g3 Nxf2+ 16. Qxf2 Qe7 17. f5 exf5 18. exf5 O-O 19. Bf4 Re8 20. c5 Qf6 21.
Bd6 Bd7 22. Na4 Rad8 23. Nb6 Bc8 24. Nxc8 Rxc8 25. Rd1 Rcd8 26. b4 b6 27. Re1 Qc3 28. Rxe8+ Rxe8 29. Qc2 Qxb4 30. f6 g6 31. Bxg6 Qe1+ 32.
Kg2 Re2+ 33. Kh3 Rxc2 34. Bxc2 Qe6+ 35. Kg2 bxc5 36. Bxc5 Qe2+ 0-1

[Event "*** Titled Tuesday Blitz"]
[Site "Chess.com"]
[Date "2020.04.28"]
[Round "2"]
[White "Gurvich_Vitaly"]
[Black "StephenDedalus83"]
[Result "1-0"]
[WhiteElo "2549"]
[BlackElo "2790"]
[TimeControl "180+1"]
[EndTime "10:17:11 PDT"]
[Termination "Gurvich_Vitaly won by resignation"]

1. e4 c5 2. Nf3 Nc6 3. d4 cxd4 4. Nxd4 Qc7 5. Nc3 e6 6. Be3 a6 7. Qf3 Nf6 8. O-O-O h5 9. Nxc6 dxc6 10. Qg3 e5 11. f4 h4 12. Qf2 Ng4 13. Qf3 Nxe3 14.
Qxe3 exf4 15. Qd4 Be6 16. Bc4 Bxc4 17. Qxc4 Bd6 18. Ne2 O-O-O 19. Nd4 g6 20. Nf3 h3 21. gxh3 Rh5 22. h4 Re8 23. Rhe1 Bc5 24. e5 Be3+ 25. Kb1 Kb8 26. a3 Rhh8 27. Rd3 Re7 28. Red1 Qc8 29.
Rb3 Ka7 30. Rxe3 fxe3 31. Qc5+ Ka8 32. Qxe7 e2 33. Re1 Qf5 34. Qf6 Qe4 35. Ng5 Qxh4 36.
Rxe2 Qh5 37. Rd2 Re8 38. Rd8+ Rxd8 39. Qxd8+ Ka7 40. Qd4+ Ka8 41. Nxf7 Qf5 42. Nd6 Qf1+ 43. Ka2 Qe2 44. Qb6 Qc4+ 45. Nxc4 1-0

[Event "*** Titled Tuesday Blitz"]
[Site "Chess.com"]
[Date "2020.04.28"]
[Round "2"]
[White "ajdemipopushi"]
[Black "Tayson_7"]
[Result "0-1"]
[WhiteElo "2282"]
[BlackElo "2634"]
[TimeControl "180+1"]
[EndTime "10:17:12 PDT"]
[Termination "Tayson_7 won by resignation"]

1. Nf3 d5 2. g3 Bg4 3. Bg2 Nd7 4. d4 Ngf6 5. c4 e6 6. Nc3 c6 7. Qb3 Qb6 8. c5 Qxb3 9. axb3 Bxf3 10.
Bxf3 e5 11. e3 a6 12. b4 Rc8 13. Be2 g6 14. f4 exd4 15. exd4 Bg7 16. Be3 O-O 17.
Bf2 Rfe8 18. Kd2 Ne4+ 19. Nxe4 dxe4 20. Bc4 Nf6 21. Rhe1 Rcd8 22. h3 e3+ 23. Bxe3 Ne4+ 24. Kd3 Nxg3 25. Bf2 Rxe1 26. Rxe1 Nf5 27. Re4 Kf8 28.
Bb3 Rd7 29. Bc4 Ne7 30. Bh4 Nf5 31. Bf2 Bf6 32. Bb3 Ne7 33. Bc4 Nd5 34. Bxd5 Rxd5 35.
Re3 Rxd4+ 36. Kc2 Rxb4 37. b3 h5 38. Rd3 Rxf4 39. Bg1 Re4 40. Rd7 Re7 41. Rd8+ Kg7 42. Kd3 Re3+ 43. Bxe3 Bxd8 44. Ke4 Bc7 0-1

[Event "*** Titled Tuesday Blitz"]
[Site "Chess.com"]
[Date "2020.04.28"]
[Round "2"]
[White "annacramling"]
[Black "GasconJR"]
[Result "0-1"]
[WhiteElo "1932"]
[BlackElo "2602"]
[TimeControl "180+1"]
[EndTime "10:17:12 PDT"]
[Termination "GasconJR won on time"]

1. d4 Nf6 2. c4 c5 3. d5 g6 4.
Nc3 Bg7 5. e4 d6 6. f4 e6 7. Nf3 O-O 8. Bd3 exd5 9. cxd5 Bg4 10.
O-O Nbd7 11. Qe1 Re8 12. Qg3 Bxf3 13. Qxf3 Rc8 14. Nb5 c4 15. Nxa7 cxd3 16. Nxc8 Qxc8 17. Qxd3 Nxe4 18. Be3 Ndc5 19. Qa3 Qf5 20. Rae1 Qxd5 21.
Kh1 f5 22. Bxc5 Qxc5 23. Qb3+ d5 24. Qf3 Kf7 25. Rc1 Qd4 26. Qb3 Re7 27. Qf3 Nd2 28.
Qd1 Nxf1 29. Qxd4 Bxd4 30. Rxf1 Re2 31. Rd1 Bxb2 0-1

[Event "*** Titled Tuesday Blitz"]
[Site "Chess.com"]
[Date "2020.04.28"]
[Round "2"]
[White "Stewie_89"]
[Black "Kosche007"]
[Result "1-0"]
[WhiteElo "2627"]
[BlackElo "2314"]
[TimeControl "180+1"]
[EndTime "10:17:12 PDT"]
[Termination "Stewie_89 won by resignation"]

1. e4 c5 2. Nf3 d6 3. Bb5+ Nd7 4.
c4 Nf6 5. Qe2 e5 6. Nc3 Be7 7.
d3 O-O 8. O-O a6 9. Ba4 Rb8 10.
h3 Nh5 11. Bxd7 Qxd7 12. Nxe5 dxe5 13. Qxh5 Qxd3 14. Qxe5 Bd6 15. Qd5 Qxd5 16. Nxd5 b5 17. b3 bxc4 18. bxc4 Be5 19. Bf4 Bxa1 20. Bxb8 Bd4 21.
Rb1 Re8 22. Bd6 f5 23. Ne7+ Kf7 24. Nxc8 Rxc8 25. exf5 Kf6 26. g4 h5 27. Kg2 Re8 28.
Kf3 hxg4+ 29. hxg4 Rh8 30. Rb7 Rh3+ 31. Bg3 Be5 32.
Rb6+ 1-0

[Event "*** Titled Tuesday Blitz"]
[Site "Chess.com"]
[Date "2020.04.28"]
[Round "2"]
[White "oogee"]
[Black "axvesik"]
[Result "0-1"]
[WhiteElo "2241"]
[BlackElo "2467"]
[TimeControl "180+1"]
[EndTime "10:17:12 PDT"]
[Termination "axvesik won by resignation"]

1. d4 Nf6 2. c4 e6 3. g3 d5 4. Bg2 dxc4 5. Nf3 a6 6. O-O Nc6 7. Nc3 Rb8 8. e4 b5 9. Bg5 Be7 10. Bxf6 Bxf6 11. d5 exd5 12. exd5 Ne7 13. Nd4 O-O 14. Ne4 Bxd4 15. Qxd4 Nxd5 16. Rad1 c6 17. Qc5 Qb6 18. Qd6 Bg4 19. Rd2 Rbd8 20. Qe5 h6 21. h3 Rfe8 22. Qd4 Qxd4 23. Rxd4 Bc8 24. Rfd1 Kf8 25.
Nc5 Re2 26. R1d2 Rxd2 27. Rxd2 Ke7 28. Rd4 Nb4 29. Re4+ Kd6 30. Rd4+ Kc7 31. Re4 Kb6 32. a3 0-1

[Event "*** Titled Tuesday Blitz"]
[Site "Chess.com"]
[Date "2020.04.28"]
[Round "2"]
[White "QueenOfTactics90"]
[Black "TH0217"]
[Result "1-0"]
[WhiteElo "1935"]
[BlackElo "2343"]
[TimeControl "180+1"]
[EndTime "10:17:12 PDT"]
[Termination "QueenOfTactics90 won on time"]

1. e4 c5 2. Nf3 d6 3. d4 cxd4 4. Nxd4 Nf6 5. f3 g6 6. c4 Bg7 7.
Nc3 O-O 8. Be3 Nc6 9. Be2 Qb6 10. Na4 Qa5+ 11. Bd2 Qd8 12. Be3 Bd7 13. O-O Qa5 14.
Nc3 Qb6 15. b3 Nxe4 16. Na4 Bxd4 17. Nxb6 Bxe3+ 18. Kh1 Bxb6 19. fxe4 Nd4 20. Rc1 Rac8 21. b4 h6 22. c5 dxc5 23. bxc5 Nxe2 24. Qxe2 Bxc5 25.
Rfd1 Ba4 26. Rd5 Bd6 27. Rf1 a6 28. e5 Bb8 29. e6 Bb5 30. exf7+ Rxf7 31. Rxb5 Rxf1+ 32. Qxf1 axb5 33. g3 b4 34. Qb5 Bd6 35. Qxb7 Rc1+ 36.
Kg2 Kg7 37. Kh3 h5 38. Qd5 Kh6 39. Qd2+ 1-0

[Event "*** Titled Tuesday Blitz"]
[Site "Chess.com"]
[Date "2020.04.28"]
[Round "2"]
[White "karwowskikacper"]
[Black "Shield12"]
[Result "0-1"]
[WhiteElo "2343"]
[BlackElo "2845"]
[TimeControl "180+1"]
[EndTime "10:17:13 PDT"]
[Termination "Shield12 won by resignation"]

1. e4 c5 2. Nf3 Nc6 3. Nc3 Nf6 4. d4 cxd4 5. Nxd4 d6 6. Bg5 e6 7. Qd2 a6 8. f4 h6 9. Bxf6 Qxf6 10. Nf3 Qd8 11.
O-O-O Bd7 12. Bd3 Be7 13. f5 Qa5 14. fxe6 fxe6 15. g4 O-O-O 16. h4 Rhf8 17. Rdf1 Ne5 18. Nxe5 Qxe5 19. Rxf8 Rxf8 20. Kb1 Bc6 21. Qe3 Rf4 22.
g5 hxg5 23. hxg5 Bxg5 24. Qa7 Rh4 25. Rxh4 Bxh4 26. Qa8+ Kc7 27. Qf8 Bf6 28. a4 Qc5 29. Qf7+ Bd7 30. Qg6 Bxc3 31. bxc3 Qxc3 32. a5 Qe1+ 33.
Kb2 Qb4+ 34. Kc1 Qd4 35. Kd2 Qe5 36. Ke2 Qxa5 37. Qxg7 Qe5 38. Qg1 a5 39. Qa7 Qc5 40.
Qa8 a4 41. Kd2 a3 42. e5 dxe5 43. Kc1 e4 44. Bxe4 Qe3+ 45. Kb1 Qxe4 46. Qxa3 Qd5 47. Qc3+ Bc6 48. Qg7+ Kb6 49. Qe7 e5 50. Kc1 e4 51.
Qb4+ Qb5 52. Qd4+ Qc5 53. Qd8+ Ka7 54. Qh8 e3 55. Qa1+ Kb6 56. Qb2+ Bb5 57. Qf6+ Ka7 58. Qa1+ Ba6 0-1

[Event "*** Titled Tuesday Blitz"]
[Site "Chess.com"]
[Date "2020.04.28"]
[Round "2"]
[White "Bathory44"]
[Black "OparinGrigoriy"]
[Result "0-1"]
[WhiteElo "2571"]
[BlackElo "2911"]
[TimeControl "180+1"]
[EndTime "10:17:14 PDT"]
[Termination "OparinGrigoriy won by resignation"]

1. e4 e5 2. Nf3 Nc6 3. Bb5 a6 4. Ba4 Nf6 5. O-O b5 6. Bb3 Nxe4 7. d4 d5 8. dxe5 Be6 9. Nbd2 Be7 10. c3 O-O 11.
Bc2 f5 12. Nd4 Nxd4 13. cxd4 c5 14. dxc5 Nxd2 15. Bxd2 Bxc5 16. Rc1 Rc8 17. Kh1 d4 18. Bb3 Qd7 19. f4 Qf7 20. Rxc5 Rxc5 21. Bb4 Bxb3 22. axb3 Qd5 23. Qd3 Rc6 24. Bxf8 Kxf8 25. Qxf5+ Kg8 26. Qd3 g6 27. Rd1 Rc8 28. h3 Rd8 29. Re1 Kf7 30.
e6+ Ke7 31. Re5 Qc6 32. Re1 Qc5 33. Kh2 Qf5 34. Qxf5 gxf5 35. Kg3 d3 36. Kf3 d2 37. Rd1 Rd3+ 38. Ke2 Rxb3 39. Rxd2 Kxe6 40. Rc2 a5 41. Kd2 Kd5 42. Kc1 Rg3 43. Re2 Kc4 44. Kc2 a4 45. Rd2 h5 46. Re2 h4 47. Rd2 b4 48.
Re2 Kd4 49. Kd2 Rb3 50. Kc2 Re3 51. Rd2+ Ke4 52. Rf2 Rg3 53. Kd2 Rd3+ 54. Kc2 Rd8 55. Kc1 Rc8+ 56. Kd2 a3 57. bxa3 bxa3 58. Rf1 a2 59.
Ra1 Ra8 60. Kc3 Kxf4 61. Kb2 Kg3 0-1

[Event "*** Titled Tuesday Blitz"]
[Site "Chess.com"]
[Date "2020.04.28"]
[Round "2"]
[White "JulianProleiko"]
[Black "gmgamil"]
[Result "0-1"]
[WhiteElo "2468"]
[BlackElo "2698"]
[TimeControl "180+1"]
[EndTime "10:17:15 PDT"]
[Termination "gmgamil won by resignation"]

1. e4 e5 2. Nc3 Nf6 3. g3 d5 4. exd5 Nxd5 5. Bg2 Nxc3 6. bxc3 Nc6 7. Ne2 Be6 8. O-O Bd5 9. Rb1 Bxg2 10. Kxg2 Qd5+ 11. Kg1 O-O-O 12. d3 h5 13. c4 Qd7 14. Nc3 h4 15.
Qf3 f5 16. Bg5 Re8 17. Rfe1 hxg3 18. hxg3 f4 19. Nb5 Kb8 20. d4 a6 21. d5 Nb4 22. c3 axb5 23. cxb4 bxc4 24. gxf4 Bd6 25. Re4 exf4 26. Rxc4 Rh3 27. Qd1 Reh8 28. Kg2 f3+ 0-1

[Event "*** Titled Tuesday Blitz"]
[Site "Chess.com"]
[Date "2020.04.28"]
[Round "2"]
[White "dennisodessa"]
[Black "ChessicallyInclined"]
[Result "1-0"]
[WhiteElo "2314"]
[BlackElo "2550"]
[TimeControl "180+1"]
[EndTime "10:17:16 PDT"]
[Termination "dennisodessa won by resignation"]

1. d4 Nf6 2. c4 e6 3. Nc3 Bb4 4.
Qc2 d5 5. a3 Bxc3+ 6. Qxc3 O-O 7. Bg5 h6 8. Bh4 c5 9. dxc5 d4 10. Qc2 Nc6 11. b4 a5 12. b5 Ne5 13. Nf3 Ng6 14.
Bg3 Re8 15. Ne5 Nxe5 16. Bxe5 Ng4 17. Bd6 e5 18. h3 Nf6 19. g3 e4 20. Bg2 d3 21.
Qb2 e3 22. O-O exf2+ 23. Rxf2 dxe2 24. Rxe2 Rxe2 25. Qxe2 Ne8 26. Rd1 Nxd6 27. cxd6 Qb6+ 28. Qf2 Qd8 29. c5 Rb8 30. c6 bxc6 31. bxc6 Rb3 32.
d7 Ba6 33. c7 Qxc7 1-0

[Event "*** Titled Tuesday Blitz"]
[Site "Chess.com"]
[Date "2020.04.28"]
[Round "2"]
[White "sergeikim"]
[Black "GodDMuhammad"]
[Result "1/2-1/2"]
[WhiteElo "2425"]
[BlackElo "2196"]
[TimeControl "180+1"]
[EndTime "10:17:16 PDT"]
[Termination "Game drawn by agreement"]

1. d4 Nf6 2. c4 e6 3. Nc3 d5 4.
Nf3 Be7 5. Bf4 b6 6. e3 Bb7 7. cxd5 exd5 8. Bd3 O-O 9. O-O Nbd7 10. Ne5 c5 11. Qf3 cxd4 12. exd4 Re8 13. Qh3 Nf8 14. Rfe1 Rc8 15. Bg5 Ng6 16. Bf5 Ra8 17. Rad1 Ne4 18. Nxf7 Kxf7 19. Be6+ Kf8 20. Qxh7 Bxg5 21. Qxg6 Rxe6 22.
Qxe6 Bf6 23. f3 Nxc3 24. bxc3 Rc8 25. Re3 Rc6 26. Qh3 Bc8 27. Qh8+ Kf7 28. Qh5+ Kf8 29. Rde1 Bd7 30. Qxd5 Qc7 31. Qh5 Qd8 32. Qh8+ Kf7 33. Qh5+ Kf8 1/2-1/2

[Event "*** Titled Tuesday Blitz"]
[Site "Chess.com"]
[Date "2020.04.28"]
[Round "2"]
[White "picturesquecheck"]
[Black "TheFireChess"]
[Result "0-1"]
[WhiteElo "2122"]
[BlackElo "2410"]
[TimeControl "180+1"]
[EndTime "10:17:17 PDT"]
[Termination "TheFireChess won by resignation"]

1. e4 c6 2. d4 d5 3. Nd2 dxe4 4. Nxe4 Bf5 5. Ng3 Bg6 6. h4 h6 7. Nf3 Nd7 8. h5 Bh7 9. Bd3 Bxd3 10. Qxd3 e6 11. Bd2 Ngf6 12. O-O-O Be7 13. Kb1 c5 14. Ne4 cxd4 15. Nxd4 O-O 16. Bc3 Rc8 17. Nxf6+ Nxf6 18. g4 Nd5 19. Bd2 Bg5 20. Qe4 Bxd2 21. Rxd2 Qf6 22.
Rf1 Rc4 23. Qd3 Rfc8 24. Nb3 Nb4 25. Qe3 Rxc2 26. Rxc2 Rxc2 27. Nd4 Nd5 28. Qd3 Rxf2 29. Rxf2 Qxf2 30. Nf3 Qg3 31. a3 Qxg4 32. Ne5 Qf5 33. Qxf5 exf5 34. Kc2 Ne7 35. Kd3 g6 36. Kd4 Nc6+ 37.
Nxc6 bxc6 38. Ke5 Kg7 39. b4 a6 40. a4 gxh5 0-1

[Event "*** Titled Tuesday Blitz"]
[Site "Chess.com"]
[Date "2020.04.28"]
[Round "2"]
[White "VerdeNotte"]
[Black "hypert"]
[Result "1-0"]
[WhiteElo "2809"]
[BlackElo "2532"]
[TimeControl "180+1"]
[EndTime "10:17:18 PDT"]
[Termination "VerdeNotte won by resignation"]

1. e4 c5 2. Nc3 Nc6 3. Bb5 Nd4 4. Nf3 a6 5. Bd3 g6 6. O-O Bg7 7. Re1 d6 8. Nxd4 cxd4 9. Ne2 Nf6 10. Nxd4 O-O 11.
c3 e5 12. Nf3 d5 13. exd5 Qxd5 14. Nxe5 b5 15. Qf3 Bb7 16. Qxd5 Bxd5 17. Bc2 Rfe8 18. d4 a5 19. Bg5 a4 20. Bxf6 Bxf6 21. Be4 Bxe4 22.
Rxe4 a3 23. b3 Rac8 24. Nd7 Bg7 25. Rxe8+ Rxe8 26. Kf1 Rc8 27. Nc5 Bf8 28. b4 Bh6 29. Ke2 Re8+ 30. Kd3 f5 31. Rb1 Kf7 32. Rb3 Bc1 33.
c4 bxc4+ 34. Kxc4 Re2 35. Nd3 Bb2 36. b5 Rc2+ 37. Kd5 Rd2 38. b6 1-0

[Event "*** Titled Tuesday Blitz"]
[Site "Chess.com"]
[Date "2020.04.28"]
[Round "2"]
[White "SiddharthGMJagadeesh"]
[Black "vinodbhagwat1976"]
[Result "1-0"]
[WhiteElo "2503"]
[BlackElo "2260"]
[TimeControl "180+1"]
[EndTime "10:17:18 PDT"]
[Termination "SiddharthGMJagadeesh won by resignation"]

1. e4 e5 2. Nf3 Nc6 3. Bb5 a6 4. Ba4 Nf6 5. d3 d6 6. O-O g6 7. c3 Bg7 8. Re1 O-O 9. Nbd2 b5 10. Bc2 Nb8 11. a4 Bb7 12. b4 Nbd7 13. Nb3 c5 14.
Na5 Qc7 15. Nxb7 Qxb7 16. Ba3 cxb4 17. Bxb4 Qc6 18. d4 a5 19. axb5 Qxb5 20. Bxd6 Rfe8 21.
dxe5 Ng4 22. Nd4 Qc4 23. Qxg4 Nxe5 24. Qg3 Rad8 25. Bb3 Qc8 26. Bxe5 Bxe5 27. Qf3 Re7 28. Rxa5 Qc7 29. Rd5 Bxh2+ 30. Kh1 Rde8 31. g3 h5 32. Kxh2 h4 33. Qf4 Qxf4 34. gxf4 1-0

[Event "*** Titled Tuesday Blitz"]
[Site "Chess.com"]
[Date "2020.04.28"]
[Round "2"]
[White "ZarinaShafigullina"]
[Black "nickmatta"]
[Result "1-0"]
[WhiteElo "2191"]
[BlackElo "2410"]
[TimeControl "180+1"]
[EndTime "10:17:18 PDT"]
[Termination "ZarinaShafigullina won by resignation"]

1. d4 d5 2. Nf3 Nf6 3. g3 e6 4. Bg2 Be7 5. O-O O-O 6. c4 dxc4 7. Ne5 Nc6 8. Nxc6 bxc6 9. Na3 Bxa3 10. bxa3 Rb8 11. Qa4 Qxd4 12. Be3 Qb2 13. Qxc4 Qb5 14. Qxc6 Qxc6 15. Bxc6 Ba6 16. Bxa7 Rb2 17. Rfb1 Rxe2 18. a4 Nd5 19. a5 Nc3 20. Rb3 Nxa2 21. Bb5 Bxb5 22.
Rxb5 Nc3 23. Rb3 Ra8 24. a6 h5 25. Bd4 Nd5 26. a7 Nb6 27. Bxb6 cxb6 28. Rxb6 Rd2 29. Rb8+ Rd8 30. Rxd8+ Rxd8 31. a8=Q 1-0

[Event "*** Titled Tuesday Blitz"]
[Site "Chess.com"]
[Date "2020.04.28"]
[Round "2"]
[White "Hikaru"]
[Black "Shuvalov"]
[Result "1-0"]
[WhiteElo "3232"]
[BlackElo "2465"]
[TimeControl "180+1"]
[EndTime "10:17:19 PDT"]
[Termination "Hikaru won by checkmate"]

1. Nf3 d5 2. b3 Nf6 3. Bb2 Bf5 4. g3 e6 5. Nh4 Be4 6. f3 Bg6 7. Nxg6 hxg6 8. Bg2 Be7 9. e4 O-O 10. e5 Nfd7 11.
f4 c5 12. h4 Nc6 13. d3 Rc8 14.
Nd2 Nd4 15. c4 Nb6 16. Bxd4 cxd4 17. O-O Qd7 18. Nf3 dxc4 19. bxc4 Na4 20. Qd2 Nc5 21. Rab1 Rfd8 22. Kh2 Rb8 23. Rb5 b6 24. Rfb1 Na4 25. R5b3 Nc5 26. R3b2 Na4 27. Rc2 Nc5 28. Qe2 Qa4 29.
Rcb2 Qd7 30. Rf1 Na4 31. Rc2 Nc5 32. Nd2 Qa4 33. Ne4 Qa3 34. Nxc5 bxc5 35. Be4 Rb6 36. h5 g5 37. f5 exf5 38. Rxf5 Rdb8 39. Rf2 Kh8 40.
Qf3 Rb2 41. Qxf7 Rxc2 42. Rxc2 Qa6 43. Qxe7 Qh6 44. Bg6 Rg8 45. Qf7 Rb8 46. Rf2 g4 47. Qf8+ Rxf8 48. Rxf8# 1-0

[Event "*** Titled Tuesday Blitz"]
[Site "Chess.com"]
[Date "2020.04.28"]
[Round "2"]
[White "JLRHei"]
[Black "amiralfio"]
[Result "1-0"]
[WhiteElo "2285"]
[BlackElo "2493"]
[TimeControl "180+1"]
[EndTime "10:17:19 PDT"]
[Termination "JLRHei won on time"]

1. d4 f5 2. g3 Nf6 3. Bg2 e6 4. Nf3 Be7 5. c4 O-O 6. O-O d6 7.
Nc3 Ne4 8. Qb3 Nxc3 9. bxc3 a5 10. a4 Bf6 11. Ba3 Nc6 12. Rad1 Qe8 13. e4 e5 14. c5+ Kh8 15. cxd6 fxe4 16. Nd2 exd4 17. d7 Bxd7 18. Bxf8 Qxf8 19. Nxe4 Re8 20. Nxf6 Qxf6 21. Qxb7 h6 22. Qxc7 Re7 23. cxd4 Nxd4 24.
Qd8+ Kh7 25. Rxd4 1-0

[Event "*** Titled Tuesday Blitz"]
[Site "Chess.com"]
[Date "2020.04.28"]
[Round "2"]
[White "ShieldingOff"]
[Black "Nastya_Rakhmangulova"]
[Result "1-0"]
[WhiteElo "2027"]
[BlackElo "2356"]
[TimeControl "180+1"]
[EndTime "10:17:20 PDT"]
[Termination "ShieldingOff won by resignation"]

1. d4 d5 2. Nf3 Nf6 3. g3 g6 4. Bg2 Bg7 5. O-O O-O 6. c4 c6 7.
Nc3 dxc4 8. a4 Bf5 9. Ne5 Be6 10. e3 Nbd7 11. Nxd7 Qxd7 12. Qe2 Rad8 13. Bd2 b5 14.
axb5 cxb5 15. Ra5 b4 16. Ne4 Nxe4 17. Bxe4 Rc8 18. Bxb4 Bg4 19. Qd2 Bh3 20. Rfa1 Rc7 21. Bc5 Qg4 22. Bh1 Rd8 23. Bxa7 e5 24. Bb6 exd4 25. Bxc7 Rc8 26. Ra8 dxe3 27. Qxe3 Bf8 28. Rxc8 Qxc8 29. Be5 Qf5 30. Bc3 h5 31. Qd4 f6 32.
Qd5+ Qxd5 1-0

[Event "*** Titled Tuesday Blitz"]
[Site "Chess.com"]
[Date "2020.04.28"]
[Round "2"]
[White "rasmussvane"]
[Black "Joshukid"]
[Result "1-0"]
[WhiteElo "2866"]
[BlackElo "2555"]
[TimeControl "180+1"]
[EndTime "10:17:21 PDT"]
[Termination "rasmussvane won by resignation"]

1. Nf3 Nf6 2. g3 d5 3. Bg2 c6 4. O-O Bg4 5. h3 Bxf3 6. Bxf3 e6 7. d3 Bd6 8. e4 Nbd7 9. Nd2 h5 10. Bg2 Qc7 11. Qe2 O-O-O 12. d4 dxe4 13. Nxe4 Nxe4 14. Qxe4 Nf6 15. Qf3 h4 16. g4 Nd5 17. c4 Nf6 18.
Bg5 Be7 19. Rfd1 Rd7 20. Rac1 Qa5 21. d5 exd5 22. cxd5 Rhd8 23. b4 Bxb4 24. dxc6 Rxd1+ 25. Rxd1 Rxd1+ 26. Qxd1 bxc6 27. Bxh4 Qxa2 28. Bxc6 Qd2 29. Qa4 a5 30. Qb5 Qc1+ 31. Kg2 Qc5 32. Qb7+ 1-0

[Event "*** Titled Tuesday Blitz"]
[Site "Chess.com"]
[Date "2020.04.28"]
[Round "2"]
[White "adricalderon8"]
[Black "theblitzchamp"]
[Result "0-1"]
[WhiteElo "2414"]
[BlackElo "2678"]
[TimeControl "180+1"]
[EndTime "10:17:21 PDT"]
[Termination "theblitzchamp won on time"]

1. e4 e5 2. Nf3 Nc6 3. Bc4 Nf6 4.
d3 Be7 5. O-O O-O 6. Re1 a6 7.
a4 d6 8. h3 Be6 9. Nbd2 Re8 10. Bxe6 fxe6 11. Nc4 Qd7 12. c3 Rf8 13. b4 Nh5 14. g3 Nf6 15. Be3 b5 16. Ncd2 d5 17. Bg5 h6 18. Bxf6 Bxf6 19. Nb3 Be7 20. axb5 axb5 21.
Qe2 Rxa1 22. Rxa1 Bd6 23. Kg2 Qf7 24. Rf1 Ra8 25. Nfd2 Ra2 26. Ra1 Rc2 27. Rc1 Ra2 28. Ra1 Rxa1 29. Nxa1 d4 30. c4 bxc4 31. Nxc4 Nxb4 32.
Nc2 Na2 33. Qd1 Nc3 34. Qa1 Qh5 35. Ne1 Qe2 36. Kg1 Nd1 0-1

[Event "*** Titled Tuesday Blitz"]
[Site "Chess.com"]
[Date "2020.04.28"]
[Round "2"]
[White "bancsoo"]
[Black "marianokar"]
[Result "1-0"]
[WhiteElo "2654"]
[BlackElo "2354"]
[TimeControl "180+1"]
[EndTime "10:17:21 PDT"]
[Termination "bancsoo won on time"]

1. d4 Nf6 2. Nf3 e6 3. g3 d5 4. Bg2 b5 5. O-O Bb7 6. a4 b4 7. c4 dxc4 8. Qc2 Nbd7 9. Nbd2 c5 10. dxc5 Bxc5 11. Nxc4 Be4 12. Qd1 O-O 13. Bf4 Bd5 14.
Rc1 Rc8 15. Nd6 Rc6 16. Nb5 Qb6 17. e3 Rfc8 18. Qd2 a6 19. Nbd4 Bxd4 20. Rxc6 Rxc6 21.
Qxd4 Bxf3 22. Qxb6 Nxb6 23. Bxf3 Rc2 24. b3 Rc3 25. Rb1 a5 26. Be5 Rc2 27. Rd1 Nbd5 28. e4 1-0

[Event "*** Titled Tuesday Blitz"]
[Site "Chess.com"]
[Date "2020.04.28"]
[Round "2"]
[White "DenishevM"]
[Black "Chessterra87"]
[Result "1-0"]
[WhiteElo "2569"]
[BlackElo "2299"]
[TimeControl "180+1"]
[EndTime "10:17:21 PDT"]
[Termination "DenishevM won by checkmate"]

1. d4 c5 2. d5 b5 3. e4 a6 4. a4 bxa4 5. Nf3 d6 6. Rxa4 Nf6 7. Nc3 g6 8. Bc4 Bg7 9. h3 O-O 10. O-O Nbd7 11. Bf4 Nb6 12. Qe2 Nxa4 13. Nxa4 Bd7 14. Nc3 Qb6 15. b3 Rfb8 16. e5 Ne8 17. Ne4 Bb5 18.
e6 f5 19. Neg5 Bxc4 20. bxc4 a5 21. Bc1 a4 22. Ba3 Bb2 23. Nh4 Bxa3 24. Nxf5 gxf5 25. Qh5 Nf6 26. Qf7+ Kh8 27. Qxe7 Bb2 28. Nf7+ Kg7 29. Ne5+ Kg8 30. Qf7+ Kh8 31. Qxf6+ Kg8 32. Qg5+ Kf8 33. Nd7+ Ke8 34. Qg8+ Ke7 35. Qf7+ Kd8 36. Nxb6 Rxb6 37.
Qd7# 1-0

[Event "*** Titled Tuesday Blitz"]
[Site "Chess.com"]
[Date "2020.04.28"]
[Round "2"]
[White "bait_or_mate"]
[Black "Galiev_Azat"]
[Result "1-0"]
[WhiteElo "2544"]
[BlackElo "2287"]
[TimeControl "180+1"]
[EndTime "10:17:22 PDT"]
[Termination "bait_or_mate won on time"]

1. d4 Nf6 2. c4 e6 3. Nf3 b6 4. g3 Ba6 5. Qc2 c5 6. Bg2 Nc6 7. dxc5 Bxc5 8. O-O O-O 9. a3 Bb7 10. e3 Rc8 11. Rd1 a5 12. Nc3 Qe7 13. b3 Rfd8 14. Bb2 d5 15. cxd5 exd5 16. Qf5 d4 17.
exd4 Nxd4 18. Nxd4 Bxg2 19. Kxg2 Bxd4 20. Rac1 Bxc3 21. Rxd8+ Qxd8 22. Rxc3 Rxc3 23. Bxc3 Qd5+ 24. Qxd5 Nxd5 25. Bd4 f5 26. Kf3 Kf7 27. Ke2 g5 28. Kd3 b5 29. a4 bxa4 30. bxa4 Ke6 31. Kc4 Kd6 32. Kb5 Nc7+ 33. Kxa5 Kc6 34. Kb4 g4 35. Kc4 Nd5 36. Be3 h5 37. Kd4 Nf6 38. Ke5 Ne4 39.
Kxf5 1-0

[Event "*** Titled Tuesday Blitz"]
[Site "Chess.com"]
[Date "2020.04.28"]
[Round "2"]
[White "chessfrendz"]
[Black "GoValya"]
[Result "1/2-1/2"]
[WhiteElo "2406"]
[BlackElo "2149"]
[TimeControl "180+1"]
[EndTime "10:17:22 PDT"]
[Termination "Game drawn by agreement"]

1. d4 Nf6 2. Nf3 e6 3. Bf4 Be7 4. e3 d5 5. Nbd2 O-O 6. c3 c5 7.
Bd3 Nc6 8. Qe2 Qb6 9. O-O-O Bd7 10. Ne5 cxd4 11. exd4 Rfc8 12. Nxd7 Nxd7 13. Kb1 Bf6 14. g4 Nxd4 15. cxd4 Qxd4 16. Ne4 dxe4 17. Bxe4 Qa4 18. g5 Rc4 19. Bc2 Qb4 20. gxf6 Rxf4 21. Rxd7 Rxf6 22. Qe4 Qxe4 23. Bxe4 Rxf2 24. Rxb7 f5 25. Rxg7+ Kxg7 26. Bxa8 e5 27. a4 e4 28. b4 e3 29. Re1 f4 30.
b5 e2 31. Kc2 f3 32. Kd2 Rf1 33. Bxf3 Rxf3 34. Rxe2 Kf6 35. Re3 Rf2+ 36. Kc3 Rxh2 37. Kb4 h5 38. Ka5 Ra2 39. Re4 Kg5 40. Ka6 h4 41.
Kxa7 h3 42. b6 h2 43. Re1 Rxa4+ 44. Kb8 Kg4 45. b7 Kg3 46. Rb1 Rf4 47. Ka8 Rf8+ 48. Ka7 Rf7 49. Kb6 Rxb7+ 50. Kxb7 Kg2 1/2-1/2

[Event "*** Titled Tuesday Blitz"]
[Site "Chess.com"]
[Date "2020.04.28"]
[Round "2"]
[White "RitvarsReimanis"]
[Black "barbara25"]
[Result "1-0"]
[WhiteElo "2600"]
[BlackElo "2271"]
[TimeControl "180+1"]
[EndTime "10:17:23 PDT"]
[Termination "RitvarsReimanis won by resignation"]

1. d4 d5 2. c4 c6 3. Nf3 Nf6 4. e3 Bf5 5. Nc3 e6 6. Nh4 Be4 7. f3 Bg6 8. Bd2 Be7 9. Qb3 Qc7 10. O-O-O Nbd7 11. Nxg6 hxg6 12. Kb1 a5 13. cxd5 exd5 14. Rc1 Qd8 15. Qxb7 c5 16. Nxd5 Nxd5 17. Qxd5 cxd4 18.
Bb5 Ra7 19. Bxa5 Rxa5 20. Bxd7+ Qxd7 21. Qxa5 O-O 22. Rhd1 d3 23. Rc3 Bf6 24. Rcxd3 Qc6 25. Qd2 Rb8 26. Rb3 Rf8 27. Qc2 Qe6 28. e4 Qe5 29. g3 Ra8 30. f4 Qh5 31. e5 Be7 32. a3 Qg4 33. Rc1 Kh7 34. Rb7 Bf8 35. Qb3 Qf5+ 36.
Ka2 Qe4 37. Rxf7 g5 38. Qc2 1-0